 Dungeon Crawl Stone Soup version 0.29-a0-275-g389c0b56f3 (webtiles) character file.

Game seed: 17978300973876931702

2582 jlumianski the Nimble (level 9, -3/71 HPs)
             Began as a Gnoll Gladiator on Mar 9, 2022.
             Was a Follower of Qazlal.
             Slain by a vampire
             ... wielding a +1 vampiric halberd
              (14 damage)
             ... in a bailey.
             The game lasted 00:41:53 (7145 turns).

jlumianski the Nimble (Gnoll Gladiator)             Turns: 7145, Time: 00:41:54

Health: -3/71      AC: 17    Str: 17    XL:     9   Next: 58%
Magic:  15/15      EV: 12    Int:  8    God:    Qazlal [*.....]
Gold:   334        SH:  0    Dex: 14    Spells: 16/16 levels left

rFire   + + .      SeeInvis .   a - +1 war axe
rCold   . . .      Faith    .   (no shield)
rNeg    . . .      Spirit   .   x - +0 fire dragon scales
rPois   +          Reflect  +   c - +2 helmet
rElec   .          Harm     .   (no cloak)
rCorr   .          Rampage  .   z - +0 pair of gloves of Valour {+Blink rPois rC+}
Will    .....                   B - +2 pair of boots
Stlth   ..........              v - amulet of reflection
HPRegen 0.21/turn               I - +4 ring of slaying
MPRegen 0.14/turn               (no ring)

@: confused
A: fangs 1, strong nose, distributed training
a: Renounce Religion, Evoke Blink


You were in a bailey.
You worshipped Qazlal.
Qazlal was aware of your devotion.
You visited 2 branches of the dungeon, and saw 8 of its levels.
You also visited: Bailey.

You collected 454 gold pieces.
You spent 120 gold pieces at shops.

Inventory:

Hand Weapons
 a - a +1 war axe (weapon)
 g - a +1 arbalest of freezing
 h - a +0 trident
 C - a +2 dagger of venom
 J - the +8 quarterstaff of Witiyjes {holy, rElec rF- Int+6}
   (You found it in a bailey)

   It has been blessed by the Shining One to cause great damage to the undead
   and demons.
   Int:       It affects your intelligence (+6).
   rF:        It makes you vulnerable to fire.
   rElec:     It insulates you from electricity.
Missiles
 d - 3 throwing nets
 e - a javelin
 f - 135 stones
 j - 3 curare-tipped darts
 l - 23 poisoned darts (quivered)
 r - 4 atropa-tipped darts
 F - 6 boomerangs
Armour
 b - a +0 leather armour
 c - a +2 helmet (worn)
 p - a +0 ring mail
 x - +0 fire dragon scales (worn)
 y - a +2 leather armour of fire resistance
 z - the +0 pair of gloves of Valour (worn) {+Blink rPois rC+}
   (You acquired it on level 7 of the Dungeon)

   rC:        It protects you from cold.
   rPois:     It protects you from poison.
   +Blink:    It lets you blink.
 B - a +2 pair of boots (worn)
Jewellery
 v - an amulet of reflection (around neck)
 H - an amulet of magic regeneration
 I - a +4 ring of slaying (left hand)
Wands
 t - a wand of digging (8)
Scrolls
 i - a scroll of vulnerability
 n - a scroll of enchant armour
 E - a scroll of immolation
Potions
 k - a potion of flight {unknown}
 m - 3 potions of brilliance {unknown}
 o - 2 potions of haste
 s - a potion of might
 u - 3 potions of attraction
 w - a potion of berserk rage
 A - a potion of heal wounds
 G - a potion of degeneration {unknown}


   Skills:
 + Level 6.4 Fighting
 + Level 4.4 Short Blades
 + Level 4.4 Long Blades
 + Level 8.0 Axes
 + Level 4.4 Maces & Flails
 + Level 4.4 Polearms
 + Level 4.4 Staves
 + Level 4.4 Slings
 + Level 4.4 Bows
 + Level 4.4 Crossbows
 + Level 6.4 Throwing
 + Level 4.4 Armour
 + Level 8.0 Dodging
 + Level 4.4 Stealth
 + Level 4.4 Shields
 + Level 4.4 Unarmed Combat
 + Level 4.4 Spellcasting
 + Level 3.6 Conjurations
 + Level 3.6 Hexes
 + Level 3.6 Summonings
 + Level 3.6 Necromancy
 + Level 3.6 Translocations
 + Level 3.6 Transmutations
 + Level 3.6 Fire Magic
 + Level 3.6 Ice Magic
 + Level 3.6 Air Magic
 + Level 3.6 Earth Magic
 + Level 3.6 Poison Magic
 + Level 4.8 Invocations
 + Level 4.4 Evocations


You had 16 spell levels left.
You didn't know any spells.
Your spell library contained the following spells:

 Spells                   Type           Power      Damage    Failure   Level
 Animate Skeleton         Necr           14%        N/A       26%         1
 Pain                     Necr           28%        1d5       26%         1
 Corpse Rot               Necr/Air       14%        N/A       36%         2
 Ensorcelled Hibernation  Hex/Ice        14%        N/A       36%         2
 Sublimation of Blood     Necr           7%         N/A       36%         2
 Call Canine Familiar     Summ           7%         N/A       61%         3
 Spider Form              Tmut/Pois      7%         N/A       61%         3
 Summon Guardian Golem    Hex/Summ       7%         N/A       61%         3
 Vampiric Draining        Necr           7%         2d6       61%         3
 Anguish                  Hex/Necr       3%         N/A       95%         4
 Dispersal                Tloc           3%         N/A       100%        6
 Disjunction              Tloc           3%         N/A       100%        8


Dungeon Overview and Level Annotations

Branches:
Dungeon (7/15)             Temple (1/1) D:6          Bailey (1/1)

Altars:
Ashenzari
Cheibriados
Dithmenos
Elyvilon
Fedhas
Gozag
Kikubaaqudgha
Makhleb
Nemelex Xobeh
Qazlal
Ru
Sif Muna
Trog
Uskayaw
Vehumet
Wu Jian
Xom
Zin
The Shining One

Shops:
D:4 !


Innate Abilities, Weirdness & Mutations

You have very sharp teeth.
Your uncanny sense of smell can sniff out nearby items.
Your experience applies equally to all skills.


Message History

Something hits you but does no damage. Something bites you but does no damage.
You slash something!
You hear some strange, mumbled words.
Something tries to affect you, but you resist.
You hit something but do no damage. Something hits you.
Something bites you but does no damage.
You miss something.
You hear some strange, mumbled words.
You are confused.
You completely miss something. Your bite misses something.
Something barely misses you. Something bites you.
Something draws strength from your injuries!
You slash something! Something completely misses you. Something bites you!
Something draws strength from your injuries!
You are too confused!
You feel better. Something barely misses you.
Something bites you but does no damage.
You feel much better. Something hits you! Something bites you.
Something draws strength from your injuries!
As you read the scroll of fog, it crumbles to dust.
The scroll dissolves into smoke.
Something hits you!
* * * LOW HITPOINT WARNING * * *
Something bites you but does no damage.
You hit something but do no damage.
You hear some strange, mumbled words.
You are confused.
You're too confused to move!
Something hits you but does no damage. Something bites you.
* * * LOW HITPOINT WARNING * * *
Something draws strength from your injuries!
You bump into the stone wall.
You hear some strange, mumbled words.
You are more confused.
You closely miss something. Something hits you!
* * * LOW HITPOINT WARNING * * *
Something bites you but does no damage. Something completely misses you.
Something bites you but does no damage.
You hit something but do no damage. Your punch misses something.
Something hits you!
You die...

.######......#..#
........##...#).#
.......##....#..#
♣..♣...#....##..#
..♣♣..##..)##...#
.......##..)...8#
........##....######
....))...#...##§§§8##
.........#..##§§@{§[#
.........#..#§§§##§[8#
...♣.....#..'§§####.!#
##.......#..'..# #.!#
#####..8#..#...# .!.#
∆ #####8.##.....[## ∆∆
######...8## ∆∆ #####


There were no monsters in sight!

Vanquished Creatures
  A gargoyle (Bailey)
  2 water moccasins (D:7)
  A black bear (D:5)
  A sky beast (D:7)
  An ogre (D:5)
  A centaur (D:7)
  A phantom (D:5)
  2 kobold brigands
  A necrophage (D:5)
  A bullfrog (D:7)
  A scorpion (D:4)
  6 vampire bats (Bailey)
  3 howler monkeys
  6 wolf zombies (Bailey)
  A gnoll shaman (D:6)
  4 hounds
  An orc priest (D:6)
  6 iguanas
  6 orc wizards
  Robin (D:2)
  A gnoll (D:6)
  9 adders
  A white imp (D:7)
  4 worms
  12 orcs
  2 bats (D:3)
  2 endoplasms
  A giant cockroach (D:1)
  19 goblins
  9 hobgoblins
  3 quokkas
  6 ball pythons
  2 frilled lizards
  16 kobolds
  15 orc zombies (Bailey)
  4 rats (D:3)
153 creatures vanquished.

Notes
Turn   | Place    | Note
-------+----------+-------------------------------------------
     0 | D:1      | jlumianski the Gnoll Gladiator began the quest for the Orb.
     0 | D:1      | Reached XP level 1. HP: 20/20 MP: 1/1
     2 | D:1      | Noticed a merfolk
     4 | D:1      | Noticed a human
     4 | D:1      | Noticed a minotaur
     6 | D:1      | Noticed a draconian
     8 | D:1      | Noticed a ghoul
     8 | D:1      | Noticed a tengu
    10 | D:1      | Noticed a demigod
    12 | D:1      | Noticed an ogre
    12 | D:1      | Noticed a demonspawn
    14 | D:1      | Noticed a vampire
    14 | D:1      | Noticed a dwarf
    16 | D:1      | Noticed a vine stalker
    16 | D:1      | Noticed an octopode
    18 | D:1      | Noticed a formicid
    20 | D:1      | Noticed a troll
    20 | D:1      | Noticed a naga
    22 | D:1      | Noticed a gargoyle
    24 | D:1      | Noticed a felid
    24 | D:1      | Noticed an elf
    26 | D:1      | Noticed a spriggan
   111 | D:1      | Found a faded altar of an unknown god.
   189 | D:1      | Reached XP level 2. HP: 21/26 MP: 2/2
   926 | D:2      | Found an ancient bone altar of Kikubaaqudgha.
  1041 | D:2      | Noticed Robin
  1073 | D:1      | Reached XP level 3. HP: 16/31 MP: 3/3
  1315 | D:2      | Reached skill level 1 in Invocations
  1328 | D:2      | Killed Robin
  1565 | D:3      | Reached skill level 1 in Short Blades
  1565 | D:3      | Reached skill level 1 in Long Blades
  1565 | D:3      | Reached skill level 1 in Maces & Flails
  1565 | D:3      | Reached skill level 1 in Polearms
  1565 | D:3      | Reached skill level 1 in Staves
  1565 | D:3      | Reached skill level 1 in Slings
  1565 | D:3      | Reached skill level 1 in Bows
  1565 | D:3      | Reached skill level 1 in Crossbows
  1565 | D:3      | Reached skill level 1 in Armour
  1565 | D:3      | Reached skill level 1 in Stealth
  1565 | D:3      | Reached skill level 1 in Shields
  1565 | D:3      | Reached skill level 1 in Unarmed Combat
  1565 | D:3      | Reached skill level 1 in Spellcasting
  1565 | D:3      | Reached skill level 1 in Evocations
  1685 | D:3      | Reached XP level 4. HP: 37/38 MP: 5/5
  1690 | D:3      | Reached skill level 1 in Conjurations
  1690 | D:3      | Reached skill level 1 in Hexes
  1690 | D:3      | Reached skill level 1 in Summonings
  1690 | D:3      | Reached skill level 1 in Necromancy
  1690 | D:3      | Reached skill level 1 in Translocations
  1690 | D:3      | Reached skill level 1 in Transmutations
  1690 | D:3      | Reached skill level 1 in Fire Magic
  1690 | D:3      | Reached skill level 1 in Ice Magic
  1690 | D:3      | Reached skill level 1 in Air Magic
  1690 | D:3      | Reached skill level 1 in Earth Magic
  1690 | D:3      | Reached skill level 1 in Poison Magic
  1779 | D:3      | Reached XP level 5. HP: 32/43 MP: 6/6
  1953 | D:3      | Found a sparkling altar of Nemelex Xobeh.
  2022 | D:3      | Got Riethux's Handbook of Creation and Dark Magic
  2143 | D:3      | Found a glowing silver altar of Zin.
  2230 | D:3      | Found a hide-covered altar of Uskayaw.
  2426 | D:4      | Found Foddi's Distillery.
  2430 | D:4      | Bought 2 potions of heal wounds for 120 gold pieces
  2455 | D:4      | Found a shimmering blue altar of Sif Muna.
  2536 | D:4      | Found a shadowy altar of Dithmenos.
  3032 | D:4      | Reached XP level 6. HP: 50/50 MP: 8/8
  3220 | D:5      | Entered Level 5 of the Dungeon
  3235 | D:4      | Reached skill level 5 in Fighting
  3235 | D:4      | Reached skill level 5 in Throwing
  3474 | D:5      | Found a sacrificial altar of Ru.
  3530 | D:5      | Reached XP level 7. HP: 47/56 MP: 10/10
  4297 | D:5      | Identified a scroll of acquirement
  4906 | D:6      | Reached XP level 8. HP: 47/63 MP: 12/12
  5337 | D:6      | Found a staircase to the Ecumenical Temple.
  5348 | Temple   | Entered the Ecumenical Temple
  5429 | Temple   | Became a worshipper of Qazlal Stormbringer
  5727 | D:6      | Acquired a +1 arbalest of freezing
  5748 | D:6      | Found a broken altar of Ashenzari.
  6169 | D:7      | Acquired the +0 pair of gloves of Valour {+Blink rPois rC+}
  6462 | D:7      | Reached XP level 9. HP: 69/69 MP: 14/14
  6582 | D:7      | Found a flagged portal.
  6591 | Bailey   | Entered a bailey
  6660 | Bailey   | Noticed a gargoyle
  6663 | Bailey   | Killed a gargoyle
  6728 | Bailey   | Reached * piety under Qazlal
  7061 | Bailey   | Identified the +8 quarterstaff of Witiyjes {holy, rElec rF-
                  | Int+6}
  7101 | Bailey   | Identified the +4 scale mail of Divine Intervention {Will-
                  | Dex+7}
  7145 | Bailey   | Slain by a vampire

Illustrated notes

Levels and vault maps discovered:
D:1:      kb_arrival_jail, layout_rooms, chequers_ecumenical_altar_simple_redux,
          serial_curves, eino_curves_03, eino_curves_01
D:2:      layout_basic, basic_altar, minmay_strange_pillars, uniq_robin
D:3:      layout_basic, nemelex_xobeh_ov_fountains_minmay,
          mainiacjoe_overflow_brackets, nicolae_uskayaw_suspiria
D:4:      layout_basic, grunt_dithmenos_smoke,
          mainiacjoe_overflow_small_starburst, serial_shops,
          nicolae_shop_crystal
D:5:      layout_loops_ring, nicolae_ru_sacrificial_ziggurat
D:6:      minmay_general_purpose_star, layout_loops_ring,
          mainiacjoe_overflow_alcove_1, minmay_temple_entry_glass,
          glass_columns_a
D:7:      layout_layer_cave, okawaru_gym_becter, enter_bailey_8
Temple:   minmay_temple_bridge_abc
Bailey:   bailey_polearm_vampire_castle_hellmonk, bailey

Skill      XL: |  1  2  3  4  5  6  7  8  9 |
---------------+----------------------------+-----
Invocations    | 1 2 3 4 |  4.8
Short Blades   | 1 2 3 4 |  4.4
Long Blades    | 1 2 3 4 |  4.4
Maces & Flails | 1 2 3 4 |  4.4
Polearms       | 1 2 3 4 |  4.4
Staves         | 1 2 3 4 |  4.4
Slings         | 1 2 3 4 |  4.4
Bows           | 1 2 3 4 |  4.4
Crossbows      | 1 2 3 4 |  4.4
Armour         | 1 2 3 4 |  4.4
Stealth        | 1 2 3 4 |  4.4
Shields        | 1 2 3 4 |  4.4
Unarmed Combat | 1 2 3 4 |  4.4
Spellcasting   | 1 2 3 4 |  4.4
Evocations     | 1 2 3 4 |  4.4
Conjurations   | 1 2 3 |  3.6
Hexes          | 1 2 3 |  3.6
Summonings     | 1 2 3 |  3.6
Necromancy     | 1 2 3 |  3.6
Translocations | 1 2 3 |  3.6
Transmutations | 1 2 3 |  3.6
Fire Magic     | 1 2 3 |  3.6
Ice Magic      | 1 2 3 |  3.6
Air Magic      | 1 2 3 |  3.6
Earth Magic    | 1 2 3 |  3.6
Poison Magic   | 1 2 3 |  3.6
Fighting       | 5 6 |  6.4
Throwing       | 5 6 |  6.4
Axes           | 7 8 |  8.0
Dodging        | 7 8 |  8.0

Action                   |  1- 3 |  4- 6 |  7- 9 || total
-------------------------+-------+-------+-------++-------
Melee: War axe           |    72 |   129 |   285 ||   486
       Bite              |     7 |    15 |    32 ||    54
       Punch             |     2 |     1 |     9 ||    12
 Fire: Arbalest          |       |       |    11 ||    11
Throw: Dart              |       |     4 |     2 ||     6
  Use: Scroll            |       |       |    18 ||    18
       Potion            |       |       |     8 ||     8
Armor: Leather armour    |    11 |       |       ||    11
       Ring mail         |    37 |    14 |       ||    51
       Fire dragon scale |       |    37 |   169 ||   206
Dodge: Dodged            |    62 |    74 |   196 ||   332
Block: Other             |       |    27 |    89 ||   116
       Reflection        |       |     3 |     4 ||     7

Table legend: (Time is in decaauts)
 A = Elapsed time spent in this place.
 B = Non-inter-level travel time spent in this place.
 C = Inter-level travel time spent in this place.
 D = Time resting spent in this place.
 E = Time spent auto-exploring this place.
 F = Levels seen in this place.
 G = Mean time per level.
                   A        B        C        D        E       F      G
               +--------+--------+--------+--------+--------+-----+--------+
         Total |   7243 |   7175 |     68 |    794 |   3688 |   9 |  804.8 |
       Dungeon |   6559 |   6491 |     68 |    650 |   3672 |   7 |  937.0 |
        Temple |    111 |    111 |      0 |      0 |      0 |   1 |  111.0 |
        Bailey |    571 |    571 |      0 |    144 |     16 |   1 |  571.0 |
               +--------+--------+--------+--------+--------+-----+--------+

Top non-repeatable levels by time:
     D:5: 1486 daAuts
     D:6: 1214 daAuts
     D:1: 982 daAuts
     D:4: 981 daAuts
     D:3: 880 daAuts
     D:2: 587 daAuts
  Bailey: 571 daAuts
     D:7: 426 daAuts
  Temple: 111 daAuts
